Map: Ephemeron LE

Players

LeGrandGrand

  • Race: Protoss Protoss
  • League: Platinum
  • Spawn Location: 5:00

ViBE - Winner!

  • Race: Zerg Zerg
  • League: Platinum
  • Spawn Location: 11:00

VOD

Have the link to the VOD?

Description

Time

  • Played on: Dec. 12, 2019, 6:46 p.m.
  • Length: 15:58
Show
View Real Time Build Order
Export as new Build Order

LeGrandGrand Protoss 

Build Orders: 1 Gate Expand 

Get SALT Encoding   

  12  0:00  Probe  
  13  0:13  Probe  
  14  0:20  Pylon  
  14  0:25  Probe  
  15  0:38  Probe  
  16  0:42  Gateway  
  16  0:46  Assimilator  
  16  0:50  Probe  
  17  1:02  Probe (Chrono Boost)  
  18  1:14  Probe (Chrono Boost)  
  19  1:21  Probe (Chrono Boost)  
  20  1:28  Probe  
  21  1:38  Nexus  
  21  1:43  Probe  
  22  1:54  Cybernetics Core  
  22  1:56  Pylon  
  22  1:59  Probe  
  23  2:11  Gateway  
  23  2:14  Probe  
  24  2:19  Assimilator  
  24  2:22  Warp Gate  
  24  2:26  Probe  
  25  2:31  Adept (Chrono Boost)  
  27  2:38  Probe  
  27  2:42  Pylon  
  28  2:51  Probe  
  29  3:00  Robotics Facility  
  29  3:02  Gateway  
  29  3:04  Adept (Chrono Boost)  
  29  3:10  Probe  
  29  3:11  Probe  
  35  3:20  Sentry (Chrono Boost)  
  35  3:23  Probe  
  36  3:35  Probe  
  36  3:39  Gateway  
  36  3:40  Probe  
  38  3:41  Pylon  
  38  3:47  Probe  
  38  4:09  Probe x2  
  38  4:22  Probe x2  
  40  4:24  Stalker x3  
  40  4:27  Immortal (Chrono Boost)  
  50  4:34  Twilight Council  
  50  4:35  Probe  
  49  4:42  Gateway  
  49  4:49  Probe x2 (Chrono Boost)  
  51  4:57  Assimilator  
  51  4:59  Immortal (Chrono Boost), Assimilator  
  53  5:00  Probe (Chrono Boost)  
  53  5:01  Probe (Chrono Boost)  
  53  5:06  Stalker x2  
  61  5:15  Pylon  
  61  5:16  Pylon  
  61  5:18  Probe  
  61  5:19  Pylon  
  62  5:33  Probe x2, Pylon, Immortal (Chrono Boost)  
  64  5:40  Stalker  
  70  5:49  Zealot  
  72  5:50  Templar Archives  
  72  5:55  Stalker  
  74  6:01  Probe x2  
  76  6:08  Stalker  
  76  6:09  Stalker  
  80  6:15  Pylon  
  80  6:21  Probe x2  
  76  6:37  Stalker  
  76  6:39  Stalker x3  
  76  6:40  Stalker  
  69  7:02  Stalker  
  69  7:03  Stalker x3  
  65  7:21  Probe  
  60  7:23  Immortal (Chrono Boost), Stalker  
  62  7:40  Stalker x4  
  62  7:43  Nexus  
  70  7:53  Probe x2, Immortal (Chrono Boost)  
  70  7:57  Pylon  
  76  8:02  Sentry  
  76  8:05  Probe x2  
  80  8:06  Stalker x2  
  84  8:17  Probe x2  
  86  8:22  Stalker x2  
  86  8:26  Warp Prism (Chrono Boost)  
  92  8:37  Probe x2  
  94  8:43  Gateway  
  94  8:44  Assimilator, Psionic Storm  
  94  8:49  Probe x2  
  96  9:01  Stalker x2  
  100  9:04  High Templar x2  
  100  9:08  Archon  
  104  9:12  Probe x2  
  106  9:23  Gateway  
  106  9:31  Dark Shrine  
  106  9:41  Shield Battery  
  106  9:43  Shield Battery  
  106  9:45  Probe x2, Shield Battery  
  108  9:48  Assimilator  
  108  9:51  Zealot x5  
  108  10:10  Observer (Chrono Boost)  
  109  10:15  High Templar x2  
  109  10:16  High Templar x3  
  117  10:23  Zealot x2  
  117  10:24  Observer (Chrono Boost)  
  122  10:29  Pylon  
  122  10:30  Pylon  
  122  10:31  Pylon  
  122  10:32  Pylon  
  122  10:43  Observer  
  122  10:46  Pylon  
  122  10:48  Pylon  
  123  10:50  Forge  
  123  10:51  Dark Templar  
  123  10:52  Dark Templar x4  
  133  11:10  Gateway  
  129  11:16  Nexus  
  129  11:18  Gateway x2  
  129  11:21  Stalker x2  
  125  11:35  Stalker  
  125  11:36  Zealot  
  125  11:37  High Templar x2  
  131  11:40  Probe x3  
  122  12:00  Stalker x4  
  110  12:06  Archon  
  86  12:11  Zealot x2  
  80  12:22  Stalker x2  
  80  12:23  Zealot x5  
  90  12:30  Pylon  
  90  12:32  Pylon  
  90  12:39  Stalker  
  90  12:40  Stalker  
  94  12:45  High Templar x3  
  94  12:46  Zealot  
  94  12:47  Stalker  
  94  12:48  Stalker x2  
  108  13:00  Probe x2  
  110  13:07  Zealot x2  
  110  13:08  Zealot  
  110  13:09  Assimilator  
  116  13:13  High Templar x3  
  116  13:15  Charge (Chrono Boost)  
  116  13:17  Protoss Ground Weapons Level 1 (Chrono Boost)  
  116  13:19  Warp Prism (Chrono Boost)  
  124  13:27  Gateway  
  124  13:28  Stalker  
  124  13:29  Zealot x3  
  124  13:30  Zealot x2  
  136  13:42  Stargate  
  136  13:43  Stargate  
  136  13:51  Probe  
  136  13:52  Probe x3  
  136  13:55  Gateway, Robotics Bay  
  140  13:59  Assimilator  
  141  14:03  Observer  
  141  14:06  High Templar  
  143  14:11  Zealot x4  
  148  14:17  Nexus  
  139  14:24  Observer  
  139  14:28  Pylon  
  139  14:30  Probe x3  
  139  14:31  Pylon  
  131  14:46  Observer  
  131  14:51  Zealot x3  
  131  14:52  Zealot x6  
  69  15:10  Gateway  
  69  15:11  Gateway  
  69  15:13  Gateway, Zealot x3  
  72  15:14  Stalker x2  
  72  15:15  Stalker  
  64  15:23  High Templar x2  
  64  15:31  Robotics Bay  
  64  15:35  Zealot  
Show
View Real Time Build Order
Export as new Build Order

ViBE Zerg - Winner!

Build Orders: Hatch First, Lurkers, Roach Hydra 

Get SALT Encoding   

  12  0:01  Drone  
  13  0:13  Drone  
  14  0:16  Overlord  
  14  0:25  Extractor  
  14  0:26  Drone  
  15  0:35  Drone x2  
  17  0:58  Drone  
  17  1:02  Hatchery  
  17  1:03  Drone  
  18  1:19  Spawning Pool  
  18  1:20  Drone  
  18  1:22  Drone  
  19  1:28  Drone  
  20  1:38  Extractor  
  19  1:44  Drone  
  20  1:54  Drone  
  21  2:02  Overlord  
  21  2:14  Zergling x2, Queen  
  21  2:15  Zergling x2  
  25  2:25  Drone  
  25  2:26  Drone  
  27  2:33  Queen  
  27  2:35  Drone  
  30  2:40  Drone  
  31  2:50  Lair  
  31  2:51  Drone  
  31  2:52  Drone  
  31  2:56  Hatchery  
  32  2:58  Overlord  
  32  3:00  Drone  
  33  3:06  Drone  
  33  3:11  Drone  
  35  3:17  Drone  
  35  3:19  Drone  
  37  3:21  Roach Warren  
  37  3:22  Drone x3  
  39  3:36  Drone x2  
  39  3:39  Queen  
  43  3:43  Overlord  
  43  3:44  Drone  
  43  3:45  Overlord  
  44  3:50  Evolution Chamber  
  44  3:51  Drone  
  42  4:07  Drone x6  
  46  4:13  Drone  
  44  4:17  Drone  
  44  4:22  Drone x2  
  47  4:26  Glial Reconstitution  
  47  4:27  Zerg Missile Weapons Level 1  
  47  4:30  Drone  
  47  4:31  Drone x3  
  51  4:34  Overlord  
  51  4:36  Drone x2  
  51  4:37  Drone  
  54  4:47  Overlord x2  
  54  4:49  Queen  
  54  4:52  Drone  
  57  4:53  Drone x2  
  57  4:58  Roach  
  61  5:02  Extractor x2  
  59  5:07  Extractor  
  59  5:08  Extractor  
  59  5:12  Overlord x2  
  56  5:14  Drone x7  
  63  5:28  Roach x2  
  67  5:36  Roach x2  
  71  5:43  Roach x3  
  77  5:55  Roach  
  77  5:56  Roach x6  
  91  5:58  Overlord  
  91  6:05  Roach  
  93  6:18  Roach x3  
  93  6:19  Roach x2  
  101  6:28  Roach x2  
  94  6:34  Roach x7  
  96  6:42  Roach x5  
  94  6:47  Roach  
  88  6:55  Roach x3  
  90  7:03  Roach x6  
  100  7:15  Roach x6  
  106  7:33  Overseer  
  106  7:38  Drone  
  106  7:39  Drone x7  
  106  7:42  Overlord x5  
  106  7:43  Overlord  
  114  7:45  Zerg Missile Weapons Level 2  
  114  7:48  Hydralisk Den  
  114  7:50  Extractor  
  112  7:55  Drone x2  
  114  8:02  Hatchery  
  113  8:08  Drone x11  
  124  8:16  Drone  
  125  8:26  Grooved Spines  
  125  8:38  Drone x9  
  134  8:45  Overlord  
  134  8:46  Overlord  
  134  8:52  Hydralisk x2  
  134  8:55  Infestation Pit  
  137  8:56  Drone  
  137  8:57  Hydralisk  
  137  8:58  Hydralisk x2  
  144  9:05  Queen  
  144  9:08  Hydralisk x3  
  152  9:19  Extractor  
  152  9:21  Extractor  
  150  9:29  Hydralisk x13  
  176  9:34  Hive  
  176  9:45  Muscular Augments  
  176  9:53  Overlord x6  
  176  10:08  Lurker Den  
  175  10:16  Hydralisk x4  
  175  10:17  Hydralisk x8  
  199  10:36  Spore Crawler  
  199  10:37  Spine Crawler  
  199  10:38  Spine Crawler  
  199  10:41  Spine Crawler  
  199  10:42  Spine Crawler  
  194  10:44  Spore Crawler  
  194  10:45  Spine Crawler x2  
  194  10:47  Spore Crawler  
  194  10:48  Spine Crawler, Drone x3  
  194  10:49  Spine Crawler, Drone x3  
  194  10:51  Spore Crawler, Hatchery, Drone x3  
  194  10:53  Drone x3  
  194  10:56  Drone x2  
  200  11:36  Overseer  
  200  11:37  Overseer x2  
  200  11:38  Pneumatized Carapace  
  200  11:51  Drone  
  200  11:52  Drone x7  
  200  11:54  Hydralisk x19  
  162  11:55  Hydralisk  
  162  11:57  Adaptive Talons  
  166  12:04  Zerg Missile Weapons Level 3  
  148  12:19  Spore Crawler, Spine Crawler  
  148  12:21  Extractor  
  131  12:23  Extractor  
  130  12:34  Hydralisk  
  130  12:35  Hydralisk x11  
  154  12:53  Hydralisk x9  
  154  12:54  Seismic Spines  
  172  13:24  Lurker  
  172  13:25  Lurker x13  
  186  13:30  Drone  
  186  13:31  Spire  
  186  13:34  Hydralisk x7  
  196  15:01  Hydralisk  
  196  15:02  Hydralisk x14  
  196  15:03  Hydralisk  
  200  15:36  Hatchery  
Tags
 
Add a new tag
Caveats
  • Supply blocks, unpowered buildings, or Contaminate may cause inaccurate times.
  • Supply counts are checked every 10 seconds.